cohdb
Replays
Latest Replays
All Replays
Popular Replays
Top Player Replays
Match Explorer
How It Works
Community
CoH3 Stats
Reddit
Sign in to upload your games and track your stats! →
Sign in with Steam
Match 39432522
Unlisted
Match 39432522
Overview
Messages
Build Orders
End
Panzergrenadier Squad
Selects Armored Support Battlegroup
Kradschützen Motorcycle Team
Panzergrenadier Squad
Forward Retreat Point
Construct Light Support Kompanie
2.5-tonne Medical Truck
Fire Support Elements
Veteran Squad Leaders
Panzergrenadier Squad
Construct Panzerarmee Kommand
Selects Salvage Kits
Selects Panzer Storm
Selects Veteran Gunners
Armored Reserves
Tungsten Core Ammunition
Panzer IV Assault Group
Selects Stuka Dive Bomb
Vehicle Survival Package
Tiger Heavy Tank
[𝔅𝔖𝔄] Bulldose
Sonovil
PotatoHead
Aprosarmosto
Reshala
FlyinRyan
Salacious Crumb
sk23
0
0
Comments
sign in to comment!
No comments posted yet!